[Event "Team 45 45 League T74"]
[Site "Internet Chess Club"]
[Date "2017.09.23"]
[Round "2"]
[White "fishhead"]
[Black "Signalman"]
[Result "0-1"]
[WhiteElo "1752"]
[BlackElo "1864"]
[Opening "French: Tarrasch"]
[ECO "C03"]
[Time "10:09:58"]
[TimeControl "2700+45"]

1. e4 e6 2. d4 d5 3. Nd2 Be7 4. Bd3 Nc6 5. Ne2 Nb4 6. Bb5+ Bd7 7. Bxd7+ Qxd7 8.
a3 Nc6 9. O-O O-O-O 10. e5 f6 11. f4 Nh6 12. Nf3 fxe5 13. fxe5 Nf5 14. g4 Nh4
15. Ng5 Rdf8 16. Rxf8+ Rxf8 17. Nxh7 Rf7 18. g5 Qe8 19. Nf4 Qh8 20. Qh5 g6 21.
Qxh4 Nxd4 22. Qg4 Qxh7 23. Nxe6 Nf3+ {White resigns} 0-1

[Event "Team 45 45 League T74"]
[Site "Internet Chess Club"]
[Date "2017.09.24"]
[Round "2"]
[White "gera-carp75"]
[Black "room-matt"]
[Result "1-0"]
[WhiteElo "1767"]
[BlackElo "1759"]
[Opening "Giuoco Piano"]
[ECO "C54"]
[Time "11:09:14"]
[TimeControl "2700+45"]

1. e4 e5 2. Nf3 Nc6 3. Bc4 Bc5 4. c3 Nf6 5. d3 d6 6. O-O a6 7. Bb3 O-O 8. h3 Be6
9. Bc2 d5 10. Nxe5 Nxe5 11. d4 Nxe4 12. dxc5 Nxc5 13. f4 Nc6 14. f5 Bc8 15. f6
g6 16. Qd2 Ne6 17. Qh6 Re8 18. Rf4 d4 19. Bb3 Qe7 20. fxe7 Nxf4 21. Bxf4 Rxe7
22. Bg5 {Black resigns} 1-0

[Event "Team 45 45 League T74"]
[Site "Internet Chess Club"]
[Date "2017.09.25"]
[Round "2"]
[White "zap2"]
[Black "elmaestro"]
[Result "0-1"]
[WhiteElo "1670"]
[BlackElo "1732"]
[Opening "Sicilian"]
[ECO "B50"]
[Time "13:32:05"]
[TimeControl "2700+45"]

1. e4 c5 2. Nf3 d6 3. g3 Nc6 4. Bg2 Nf6 5. d3 g6 6. Nbd2 Bg7 7. O-O O-O 8. c3
Rb8 9. a4 a6 10. Re1 Qc7 11. Nf1 Bg4 12. Ne3 Bxf3 13. Qxf3 Ne5 14. Qe2 b5 15.
axb5 axb5 16. f4 Nc6 17. Nd5 Nxd5 18. exd5 Na5 19. Qxe7 Qxe7 20. Rxe7 Nb3 21.
Rb1 Nxc1 22. Rxc1 Rfe8 23. Rce1 Kf8 24. R7e4 b4 25. cxb4 Rxe4 26. dxe4 Rxb4 27.
e5 Ke7 28. Re2 f6 29. exf6+ Kxf6 30. Re6+ Kf7 31. Rxd6 Ke7 32. Re6+ Kd7 33. Bh3
Bd4+ 34. Kf1 Kd8 35. d6 Rxb2 36. Re7 Rb6 37. Rd7+ Ke8 38. Re7+ Kd8 39. Rxh7 Rxd6
40. Kg2 c4 41. f5 c3 42. Rb7 c2 43. f6 Rxf6 44. Rb8+ Ke7 45. Rc8 Rf2+ 46. Kh1
Be3 47. Rc7+ Kf8 48. Rc8+ Kg7 49. Rc7+ Kh6 50. Rxc2 Rxc2 51. Be6 Kg5 52. h4+ Kf6
53. g4 Kxe6 54. h5 gxh5 55. gxh5 Bh6 56. Kg1 Ke5 57. Kf1 Ke4 58. Ke1 Ke3 59. Kf1
Ra2 60. Kg1 Kf3 61. Kh1 Kg3 {White resigns} 0-1

[Event "Team 45 45 League T74"]
[Site "Internet Chess Club"]
[Date "2017.09.24"]
[Round "2"]
[White "rookbattery"]
[Black "LinceHispano44"]
[Result "0-1"]
[WhiteElo "1585"]
[BlackElo "1727"]
[Opening "Sicilian: Kan, 5.Nc3"]
[ECO "B43"]
[Time "15:00:26"]
[TimeControl "2700+45"]

1. e4 c5 2. Nf3 e6 3. d4 cxd4 4. Nxd4 a6 5. Nc3 Qc7 6. Be3 Nf6 7. f3 Bb4 8. Qd2
d5 9. Bd3 e5 10. O-O exd4 11. Bxd4 Bc5 12. Qe3 Bxd4 13. Qxd4 Nc6 14. Nxd5 Qd6
15. Qe3 O-O 16. c4 Re8 17. Qb6 Nxd5 18. cxd5 Qb4 19. Qf2 Ne5 20. Bc2 Bd7 21. f4
Nc4 22. f5 f6 23. b3 Nd2 24. Qe1 Qc3 25. Rd1 Qxc2 26. Rxd2 Qxe4 27. Qd1 Bxf5 28.
d6 Rad8 29. Kh1 Bd7 30. Qc1 Bc6 {White resigns} 0-1

[Event "Team 45 45 League T74"]
[Site "Internet Chess Club"]
[Date "2017.09.24"]
[Round "2"]
[White "cadmiumorange"]
[Black "anna"]
[Result "1/2-1/2"]
[WhiteElo "1753"]
[BlackElo "1882"]
[Opening "Réti: King's Indian attack"]
[ECO "A08"]
[Time "09:11:37"]
[TimeControl "2700+45"]

1. Nf3 d5 2. g3 c5 3. Bg2 Nf6 4. O-O Nc6 5. d3 e5 6. Bg5 Be7 7. Nfd2 Be6 8. Nc3
Ng8 9. Bxe7 Ngxe7 10. e4 d4 11. Ne2 O-O 12. f4 f6 13. Nf3 c4 14. f5 Bf7 15. g4
Nc8 16. h4 Kh8 17. Ng3 Nd6 18. g5 b5 19. Qd2 Qa5 20. Qxa5 Nxa5 21. b4 Nc6 22.
Rfb1 Rfc8 23. Bf1 c3 24. a4 a6 25. Bh3 Rcb8 26. a5 Ra7 27. h5 Be8 28. Kf2 {Game
drawn by mutual agreement} 1/2-1/2

[Event "Team 45 45 League T74"]
[Site "Internet Chess Club"]
[Date "2017.09.21"]
[Round "2"]
[White "babyBeast"]
[Black "jjmolina"]
[Result "1/2-1/2"]
[WhiteElo "1646"]
[BlackElo "1724"]
[Opening "Grünfeld: exchange variation"]
[ECO "D85"]
[Time "15:30:16"]
[TimeControl "2700+45"]

1. d4 Nf6 2. c4 g6 3. Nc3 d5 4. cxd5 Nxd5 5. Bd2 Bg7 6. e4 Nxc3 7. Bxc3 c5 8. d5
Bxc3+ 9. bxc3 Qa5 10. Qd2 O-O 11. Nf3 b6 12. Be2 Ba6 13. Rc1 Bxe2 14. Qxe2 Qa6
15. Qxa6 Nxa6 16. Ne5 Nc7 17. Nc6 Rfe8 18. c4 Na6 19. f4 Nb4 20. Nxb4 cxb4 21.
Kd2 Rac8 22. Kd3 Rc5 23. Rc2 Rec8 24. Rb1 a5 25. a3 bxa3 26. Rxb6 Rxc4 27. Rc6
Rxc2 28. Rxc2 Rb8 29. Ra2 Rb3+ 30. Kc4 Rb4+ 31. Kd3 Rb3+ 32. Kc4 a4 33. e5 Kf8
34. Kc5 Ke8 35. Kc6 Kd8 36. g3 h6 37. Ra1 Kc8 38. Ra2 {Game drawn by mutual
agreement} 1/2-1/2

[Event "Team 45 45 League T74"]
[Site "Internet Chess Club"]
[Date "2017.09.24"]
[Round "2"]
[White "ascoli"]
[Black "vjbaker"]
[Result "1-0"]
[WhiteElo "1626"]
[BlackElo "1771"]
[Opening "Sicilian: closed"]
[ECO "B24"]
[Time "15:00:35"]
[TimeControl "2700+45"]

1. e4 c5 2. Nc3 Nc6 3. g3 g6 4. Bg2 Bg7 5. d3 e6 6. f4 Nge7 7. Nf3 O-O 8. O-O d5
9. e5 a6 10. d4 b5 11. Be3 Nf5 12. Bf2 b4 13. Ne2 c4 14. g4 Nh6 15. Bh4 Qb6 16.
h3 f5 17. exf6 Bh8 18. g5 Nf5 19. Bf2 h5 20. Ng3 Nxg3 21. Bxg3 Bd7 22. Bf2 Kh7
23. Re1 Qc7 24. Ne5 Nxe5 25. Rxe5 a5 26. Bf3 Kg8 27. c3 Rab8 28. Qc2 Kf7 29.
Bxh5 gxh5 30. Qh7+ Ke8 31. Qe7# {Black checkmated} 1-0

[Event "Team 45 45 League T74"]
[Site "Internet Chess Club"]
[Date "2017.09.24"]
[Round "2"]
[White "Littlemon"]
[Black "filmdirector"]
[Result "1-0"]
[WhiteElo "1607"]
[BlackElo "1720"]
[Opening "QGD: Chigorin defense"]
[ECO "D07"]
[Time "12:07:35"]
[TimeControl "2700+45"]

1. d4 d5 2. c4 Nc6 3. Nc3 dxc4 4. e3 e5 5. Nf3 exd4 6. Nxd4 Nxd4 7. Qxd4 Qxd4 8.
exd4 Bd6 9. Bxc4 Nf6 10. Bg5 Nd7 11. Nb5 Bb4+ 12. Bd2 Bxd2+ 13. Kxd2 O-O 14.
Nxc7 Rb8 15. Rhe1 Rd8 16. Re8+ Rxe8 17. Nxe8 Nb6 18. Bb3 Bf5 19. Nd6 Bg6 20. Re1
Kf8 21. Kc3 a5 22. f4 a4 23. f5 axb3 24. fxg6 hxg6 25. Kxb3 Nd5 26. Kc4 Nf4 27.
Rf1 b5+ 28. Kb4 Nxg2 29. Rxf7+ Kg8 30. Rc7 Rb6 31. Nxb5 Ne3 32. Kc5 Rf6 33. Re7
Nf5 34. Re2 Ra6 35. a3 Ra5 36. b4 Rxb5+ 37. Kxb5 Nxd4+ 38. Kc5 Nxe2 39. b5 Nf4
40. b6 Ne6+ 41. Kd6 Nd8 42. Kc7 Ne6+ 43. Kd7 Nc5+ 44. Kc6 Na6 45. b7 Kf7 46. Kd7
Kf6 47. Kc8 Kg5 48. b8=Q Nxb8 49. Kxb8 Kh4 50. a4 Kh3 51. a5 Kxh2 52. a6 g5 53.
a7 g4 54. a8=Q g3 55. Qe4 g5 56. Qg4 g2 57. Qh5+ Kg3 58. Qxg5+ Kf2 59. Qf4+ Kg1
60. Kc7 Kh1 61. Qh4+ Kg1 62. Kd6 Kf1 63. Qf4+ Ke2 64. Qg3 Kf1 65. Qf3+ Kg1 66.
Kd5 Kh2 67. Qf2 Kh1 68. Qh4+ Kg1 69. Kd4 Kf1 70. Qf4+ Ke2 71. Qg3 Kf1 72. Qf3+
Kg1 73. Ke3 Kh2 74. Qh5+ Kg3 75. Qg5+ Kh2 76. Kf2 g1=Q+ 77. Qxg1+ Kh3 78. Qg3#
{Black checkmated} 1-0

[Event "Team 45 45 League T74"]
[Site "Internet Chess Club"]
[Date "2017.09.23"]
[Round "2"]
[White "searchforbobby1"]
[Black "JSCOL"]
[Result "0-1"]
[WhiteElo "2007"]
[BlackElo "2148"]
[Opening "Ponziani: Fraser defense"]
[ECO "C44"]
[Time "22:09:25"]
[TimeControl "2700+45"]

1. e4 e5 2. Nf3 Nc6 3. c3 Nf6 4. d4 Nxe4 5. d5 Bc5 6. dxc6 Bxf2+ 7. Ke2 Bb6 8.
Qd5 Nf2 9. Rg1 O-O 10. Bg5 bxc6 11. Bxd8 cxd5 12. Bh4 Ng4 13. Rh1 e4 14. Nd4 f5
15. h3 Ne5 16. Na3 Ba6+ 17. Kd2 Bd3 18. Bxd3 Nxd3 19. b3 h6 20. Rhf1 f4 21. Kc2
g5 22. Bf2 c5 23. Ne2 Nxf2 24. Rxf2 d4 25. Nc4 d3+ 26. Kd1 dxe2+ 27. Kxe2 d5 28.
Nxb6 axb6 29. Ke1 e3 {White resigns} 0-1

[Event "Team 45 45 League T74"]
[Site "Internet Chess Club"]
[Date "2017.09.25"]
[Round "2"]
[White "VictorRed"]
[Black "SlimeDog2"]
[Result "0-1"]
[WhiteElo "1718"]
[BlackElo "1997"]
[Opening "King's Indian: fianchetto without c4"]
[ECO "A49"]
[Time "01:08:56"]
[TimeControl "2700+45"]

1. d4 Nf6 2. Nf3 g6 3. g3 Bg7 4. Bg2 d5 5. O-O O-O 6. Nc3 Ne4 7. Bd2 Nc6 8. e3
Bf5 9. Be1 Qd7 10. Nxe4 Bxe4 11. a3 a5 12. Bd2 b5 13. b3 Bf6 14. Rc1 Qd6 15. Ra1
h5 16. Bc1 b4 17. a4 Qe6 18. Bb2 Qf5 19. Rc1 Nd8 20. Re1 c5 21. c3 Nb7 22. Nd2
Bxg2 23. Kxg2 cxd4 24. cxd4 Rac8 25. Qe2 Nd6 26. f3 Rc2 27. Rxc2 Qxc2 28. Ba1
Rc8 29. Qd1 Qa2 30. Re2 Rc2 31. Kf2 Nf5 32. Ke1 Kg7 33. Kf2 g5 34. h3 h4 35.
gxh4 gxh4 36. Ke1 Ng3 37. Rg2 Kf8 38. Rf2 e6 39. Rg2 Bg5 40. f4 Bf6 41. Rf2 Ke7
42. Ne4 Rxf2 43. Nxf2 Kf8 44. Ng4 Ke7 45. Nf2 Bg7 46. Ng4 Qg2 47. Qd3 Qg1+
{White resigns} 0-1

[Event "Team 45 45 League T74"]
[Site "Internet Chess Club"]
[Date "2017.09.25"]
[Round "2"]
[White "ArturitoGalacti"]
[Black "Heian"]
[Result "1-0"]
[WhiteElo "1880"]
[BlackElo "1683"]
[Opening "English opening"]
[ECO "A13"]
[Time "19:16:20"]
[TimeControl "2700+45"]

1. c4 e6 2. g3 d5 3. Bg2 c6 4. Nf3 f5 5. d3 Nf6 6. O-O Bd6 7. Nc3 O-O 8. e4 Be7
9. e5 Ne8 10. cxd5 cxd5 11. d4 Nc6 12. h4 b6 13. Bg5 h6 14. Bxe7 Qxe7 15. Qd2
Ba6 16. Rfc1 Rc8 17. Ne1 g5 18. hxg5 Qxg5 19. Qxg5+ hxg5 20. Nxd5 Kf7 21. Nxb6
axb6 22. Bxc6 Ke7 23. b4 Rc7 24. b5 Bb7 25. Bxe8 Rxc1 26. Rxc1 Kxe8 27. Rc7 Bd5
28. Ra7 Rh8 29. Ng2 Kd8 30. a4 Kc8 31. Rg7 g4 32. a5 bxa5 33. Ra7 Kb8 34. Rxa5
Kb7 35. Ra1 Kb6 36. Rc1 Kxb5 37. Rc5+ Kb6 38. Rxd5 exd5 39. Ne3 Rf8 40. Nxd5+
Kb5 41. Ne3 f4 42. gxf4 Rxf4 43. d5 Re4 44. e6 Kc5 45. Kg2 Kd6 46. Kg3 Ra4 47.
Nxg4 Kxd5 48. e7 Ra3+ 49. Ne3+ {Black resigns} 1-0

[Event "Team 45 45 League T74"]
[Site "Internet Chess Club"]
[Date "2017.09.25"]
[Round "2"]
[White "armand068new"]
[Black "ChessHouston"]
[Result "1-0"]
[WhiteElo "1638"]
[BlackElo "1617"]
[Opening "Queen's pawn game"]
[ECO "E20"]
[Time "17:19:10"]
[TimeControl "2700+45"]

1. d4 Nf6 2. c4 e6 3. Nc3 b6 4. e4 c5 5. d5 d6 6. g3 Be7 7. Bg2 Bb7 8. Nge2 O-O
9. Nf4 e5 10. Nd3 Re8 11. O-O Nbd7 12. b3 g6 13. Bh6 Nh5 14. Bf3 Ng7 15. h4 f5
16. Qd2 f4 17. Kg2 fxg3 18. fxg3 Nf6 19. g4 Bc8 20. Qe2 Qd7 21. Nf2 Bf8 22. Bxg7
Kxg7 23. g5 Ng8 24. Bg4 Qd8 25. Qf3 h5 26. Bxc8 Qxc8 27. Nh1 Qd7 28. Ng3 Re7 29.
Nf5+ gxf5 30. exf5 Kh8 31. Ne4 Rh7 32. f6 Qf7 33. Qf5 Nh6 34. gxh6 Rxh6 35. Ng5
Qg6 36. Qe6 Re8 37. Qd7 e4 38. Kh2 {Black resigns} 1-0

[Event "Team 45 45 League T74"]
[Site "Internet Chess Club"]
[Date "2017.09.24"]
[Round "2"]
[White "JJ12"]
[Black "gomeschess"]
[Result "0-1"]
[WhiteElo "2113"]
[BlackElo "2092"]
[Opening "Sicilian: Nimzovich-Rossolimo attack (with ...g6, without ...d6)"]
[ECO "B31"]
[Time "16:00:29"]
[TimeControl "2700+45"]

1. e4 c5 2. Nf3 Nc6 3. Bb5 g6 4. Bxc6 dxc6 5. d3 Bg7 6. h3 Nf6 7. Nc3 O-O 8. Be3
b6 9. Qd2 e5 10. Bh6 Qd6 11. g4 Be6 12. Rd1 Rad8 13. Qe3 Ne8 14. Ne2 Nc7 15. Ng3
Bc8 16. Rg1 Kh8 17. Bxg7+ Kxg7 18. Nh4 c4 19. Qg5 Kh8 20. Ne2 Ba6 21. d4 c3 22.
bxc3 Rfe8 23. a4 exd4 24. Rxd4 Nd5 25. c4 Qb4+ 26. Qd2 Qb1+ 27. Qd1 Qxd1+ 28.
Kxd1 Nc3+ 29. Kd2 Nxe4+ 30. Kc1 c5 31. Rxd8 Rxd8 32. Nf3 Kg7 33. Nf4 Bxc4 34.
Ne5 Ba6 35. Nc6 Re8 36. Re1 Bb7 37. Nxa7 Ra8 38. Nb5 Rxa4 39. Re3 Nxf2 40. Nd3
Ra1+ 41. Kd2 Ne4+ 42. Ke2 f5 43. gxf5 gxf5 44. Nc7 Kf6 45. Nf4 c4 46. Nfd5+ Ke5
47. Nxb6 Kd6 48. Ne8+ Kc6 49. Nxc4 Ba6 50. Kf3 Bxc4 51. Kf4 Rf1+ 52. Ke5 Bf7 53.
Ng7 Nd6 54. Rc3+ Kd7 55. Rd3 Ke7 56. Rc3 Nc4+ 57. Kd4 Rf4+ 58. Kc5 Ne5 59. Re3
Kf6 60. Re1 Rc4+ 61. Kb5 f4 {White resigns} 0-1

[Event "Team 45 45 League T74"]
[Site "Internet Chess Club"]
[Date "2017.09.24"]
[Round "2"]
[White "hood"]
[Black "Monterrey"]
[Result "1-0"]
[WhiteElo "2008"]
[BlackElo "1964"]
[Opening "French: Tarrasch, closed variation"]
[ECO "C05"]
[Time "16:09:33"]
[TimeControl "2700+45"]

1. e4 e6 2. d4 d5 3. Nd2 Nf6 4. e5 Nfd7 5. f4 c5 6. c3 Nc6 7. Ndf3 Qb6 8. g3
cxd4 9. cxd4 Be7 10. Kf2 g5 11. fxg5 Ndxe5 12. Nxe5 Nxe5 13. Kg2 Nc6 14. Nf3 f6
15. gxf6 Bxf6 16. Bd3 O-O 17. Rf1 Nxd4 18. Nxd4 Qxd4 19. Bxh7+ Kg7 20. Qh5
{Black resigns} 1-0

[Event "Team 45 45 League T74"]
[Site "Internet Chess Club"]
[Date "2017.09.23"]
[Round "2"]
[White "LittleButton"]
[Black "dp15"]
[Result "0-1"]
[WhiteElo "1887"]
[BlackElo "2039"]
[Opening "Queen's pawn, Mason variation"]
[ECO "D00"]
[Time "12:02:52"]
[TimeControl "2700+45"]

1. d4 d5 2. Bf4 c6 3. c3 Nf6 4. e3 Bf5 5. Nd2 Nbd7 6. h3 h6 7. Ngf3 e6 8. c4 c5
9. cxd5 exd5 10. Be2 c4 11. O-O Bb4 12. a3 Ba5 13. Ne5 O-O 14. f3 Bb6 15. Nb1
Re8 16. Nc3 Nf8 17. b3 cxb3 18. Qxb3 Ne6 19. Bg3 Nxd4 20. Qd1 Nxe2+ 21. Qxe2 d4
{White resigns} 0-1

[Event "Team 45 45 League T74"]
[Site "Internet Chess Club"]
[Date "2017.09.24"]
[Round "2"]
[White "santiagoelawad"]
[Black "HomerSimpson"]
[Result "0-1"]
[WhiteElo "1965"]
[BlackElo "1997"]
[Opening "English: four knights, kingside fianchetto"]
[ECO "A29"]
[Time "19:15:51"]
[TimeControl "2700+45"]

1. c4 e5 2. Nc3 Nf6 3. Nf3 Nc6 4. g3 d5 5. cxd5 Nxd5 6. Bg2 Be6 7. O-O Be7 8. d4
Nxc3 9. bxc3 e4 10. Ne1 f5 11. f3 exf3 12. Bxf3 O-O 13. Nd3 Nxd4 14. Bxb7 Rb8
15. Bg2 Bc4 16. Be3 Nxe2+ 17. Qxe2 Bxd3 18. Qf2 Bxf1 19. Rxf1 a5 20. c4 Qd3 21.
Bd5+ Kh8 22. Rc1 Ba3 23. Rc2 Rb1+ 24. Kg2 Re8 25. Bd4 Rbe1 26. Bf3 Rf1 27. Qxf1
Qxc2+ 28. Kh3 Re6 29. Qf2 Qxf2 30. Bxf2 Rd6 31. Bd5 c6 32. Bg2 Rh6# {White
checkmated} 0-1

[Event "Team 45 45 League T74"]
[Site "Internet Chess Club"]
[Date "2017.09.25"]
[Round "2"]
[White "The7thGuest"]
[Black "alegro"]
[Result "1-0"]
[WhiteElo "1857"]
[BlackElo "1909"]
[Opening "Sicilian: Hungarian variation"]
[ECO "B34"]
[Time "12:00:36"]
[TimeControl "2700+45"]

1. e4 c5 2. Nf3 g6 3. d4 cxd4 4. Nxd4 Bg7 5. Nc3 Nc6 6. Be3 Nf6 7. Nxc6 bxc6 8.
e5 Nd5 9. Nxd5 cxd5 10. Qxd5 Rb8 11. Bd4 Bb7 12. Qc5 O-O 13. O-O-O Be4 14. Bd3
Bxg2 15. Rhg1 Bf3 16. Rde1 Bc6 17. h4 Rb7 18. h5 a5 19. hxg6 hxg6 20. e6 Bxd4
21. exf7+ Rxf7 22. Qxd4 Rg7 23. Bxg6 Qf8 24. a3 Rb5 25. Qh4 Qf6 26. Qxf6 exf6
27. Re8# {Black checkmated} 1-0

[Event "Team 45 45 League T74"]
[Site "Internet Chess Club"]
[Date "2017.09.23"]
[Round "2"]
[White "ANGELLR"]
[Black "charles-allen"]
[Result "1/2-1/2"]
[WhiteElo "1865"]
[BlackElo "1841"]
[Opening "Queen's pawn, Mason variation, Steinitz counter-gambit"]
[ECO "D00"]
[Time "20:01:10"]
[TimeControl "2700+45"]

1. d4 d5 2. Bf4 c5 3. e3 Nc6 4. Nf3 Nf6 5. c3 Qb6 6. Qb3 c4 7. Qxb6 axb6 8. Na3
Bf5 9. Nb5 Ra5 10. a4 e6 11. Bc7 Bc2 12. Bxb6 Rxa4 13. Nc7+ Kd7 14. Rxa4 Bxa4
15. Ng5 Nd8 16. Na8 Be7 17. Bxd8 Bxd8 18. Nxf7 Rf8 19. Nxd8 Kxd8 20. Be2 Ke7 21.
Nb6 Bb3 22. O-O Kd6 23. Bd1 Bxd1 24. Rxd1 Kc6 25. Na4 Nd7 26. Nc5 Nxc5 27. dxc5
Kxc5 28. Ra1 e5 29. Ra5+ Kd6 30. Kf1 Re8 31. f3 Re7 32. Kf2 b6 33. Ra8 Kc5 34.
Rc8+ Kb5 35. Ra8 Kc5 36. Rc8+ Kb5 37. Rd8 Kc6 38. Ra8 Kc5 {Game drawn by
repetition} 1/2-1/2

[Event "Team 45 45 League T74"]
[Site "Internet Chess Club"]
[Date "2017.09.24"]
[Round "2"]
[White "AVEMARIA"]
[Black "harlyman"]
[Result "0-1"]
[WhiteElo "1636"]
[BlackElo "1813"]
[Opening "Bishop's opening: Berlin defense"]
[ECO "C24"]
[Time "16:03:21"]
[TimeControl "2700+45"]

1. e4 e5 2. Bc4 Nf6 3. d3 d6 4. Nf3 Be6 5. Bb5+ c6 6. Ba4 Be7 7. O-O O-O 8. c3
Nbd7 9. Re1 h6 10. Nbd2 Nh5 11. d4 Nf4 12. Nf1 Bg4 13. Ne3 Bxf3 14. Qxf3 Nd3 15.
Rd1 Nxc1 16. Raxc1 Bg5 17. Rb1 exd4 18. cxd4 Bxe3 19. Qxe3 Nf6 20. f3 Re8 21.
Bb3 Nd5 22. Qd2 Nc7 23. Qb4 Rb8 24. Rbc1 d5 25. e5 Ne6 26. Qd2 Qg5 27. Qxg5 Nxg5
28. Bc2 Ne6 29. Bf5 g6 30. Bxe6 fxe6 31. b4 Rf8 32. Rc3 Rf7 33. g3 g5 34. a4 a6
35. Kg2 Kg7 36. Rf1 h5 37. Rc5 Rbf8 38. b5 cxb5 39. axb5 a5 40. b6 Ra8 41. Rfc1
a4 42. Ra1 Ra6 43. Rb5 a3 44. Ra2 Ra4 45. Rc5 Rxd4 46. Rxa3 Rb4 47. Rc7 Rxb6 48.
Rxf7+ Kxf7 49. h4 gxh4 50. gxh4 Rb1 51. Ra4 b5 52. Rf4+ Ke7 53. Kf2 b4 54. Ke2
b3 55. Kd2 Rf1 56. Kc3 Re1 57. Kxb3 Rxe5 58. Kb4 Kd6 59. Kc3 Rf5 60. Rxf5 exf5
61. Kd4 f4 62. Kd3 Kc5 63. Kc3 d4+ 64. Kd3 Kd5 65. Kc2 Kc4 66. Kd2 d3 67. Kc1
Kc3 {White resigns} 0-1

[Event "Team 45 45 League T74"]
[Site "Internet Chess Club"]
[Date "2017.09.23"]
[Round "2"]
[White "Packerfan"]
[Black "julesraider"]
[Result "0-1"]
[WhiteElo "1749"]
[BlackElo "1582"]
[Opening "Caro-Kann: Panov-Botvinnik, normal variation"]
[ECO "B13"]
[Time "14:36:52"]
[TimeControl "2700+45"]

1. e4 c6 2. d4 d5 3. exd5 cxd5 4. c4 Nc6 5. Nc3 Nf6 6. Bg5 e6 7. Nf3 Be7 8. Be2
O-O 9. O-O dxc4 10. Bxc4 b6 11. Qd2 Na5 12. Be2 Bb7 13. Rfd1 Rc8 14. Ne5 Ne4 15.
Bxe7 Qxe7 16. Nxe4 Bxe4 17. Rac1 Nc6 18. Ba6 Rc7 19. Rc3 Rd8 20. Qc1 Qd6 21.
Nxc6 Rxc6 22. f3 Rxc3 23. Qxc3 Bd5 24. b3 Qf4 25. Qd2 Qd6 26. Rc1 Ba8 27. Qc3 h6
28. h3 Qf4 29. Bd3 Bb7 30. Rd1 Qe3+ 31. Kf1 Ba6 32. Qd2 Qxd4 33. Ke2 Bxd3+ 34.
Qxd3 Qe5+ 35. Qe4 Qb2+ 36. Ke1 Rxd1+ 37. Kxd1 Qa1+ 38. Kd2 Qxa2+ 39. Kc3 Qa5+
40. b4 Qa2 41. f4 g6 42. g4 Qa3+ 43. Kc4 Kf8 44. h4 Qa6+ 45. Kb3 b5 46. g5 hxg5
47. hxg5 Ke7 48. Qd4 e5 49. fxe5 Qe6+ 50. Kb2 Qb6 51. Qf4 Qe6 52. Qd4 Qb6 53.
Qf4 Qc6 54. Qe3 a6 55. Qf4 Qg2+ 56. Kc3 Qc6+ 57. Kd3 Qd5+ 58. Kc3 Qc6+ 59. Kd3
Ke8 60. Qd4 Qf3+ 61. Kc2 Qf5+ 62. Kc3 Qxg5 63. Qd6 Qe3+ 64. Kb2 Qe2+ 65. Kb1
Qe4+ 66. Kb2 Qb7 67. Kc3 g5 68. Qf6 Qc8+ 69. Kb2 g4 70. Qh8+ Kd7 71. Qf6 Ke8 72.
Qh8+ Kd7 73. Qf6 Qc4 74. Qd6+ Ke8 75. Qb8+ Kd7 76. Qd6+ Kc8 77. Qxa6+ Kb8 78.
Qb6+ Ka8 79. Qa6+ Kb8 80. Qb6+ Kc8 81. Qa6+ Kc7 82. Qa7+ Kc6 83. Qa8+ Kd7 84.
Qa7+ Ke6 85. Qb6+ Kf5 86. Qd6 Qe2+ 87. Ka3 Qe3+ 88. Ka2 Qxe5 89. Qd3+ Ke6 90.
Qc2 Qd5+ 91. Ka1 Qd4+ 92. Kb1 Qxb4+ 93. Ka1 Qa4+ 94. Qxa4 bxa4 {White resigns}
0-1

[Event "Team 45 45 League T74"]
[Site "Internet Chess Club"]
[Date "2017.09.24"]
[Round "2"]
[White "RD1974"]
[Black "kutch"]
[Result "0-1"]
[WhiteElo "1566"]
[BlackElo "1579"]
[Opening "Giuoco Piano: four knights variation"]
[ECO "C50"]
[Time "19:00:38"]
[TimeControl "2700+45"]

1. e4 e5 2. Bc4 Bc5 3. Nf3 Nc6 4. Nc3 Nf6 5. O-O d6 6. h3 O-O 7. a3 Be6 8. Bb5
a6 9. Be2 h6 10. d3 Qd7 11. Kh2 Nh7 12. Be3 Bxe3 13. fxe3 f5 14. d4 fxe4 15.
Nxe4 d5 16. Nc5 Qc8 17. Nxe6 Qxe6 18. dxe5 Nxe5 19. Nd4 Qd6 20. Kh1 Qd7 21. Nf3
Rae8 22. Nxe5 Rxe5 23. Rxf8+ Kxf8 24. Qd4 Re4 25. Rf1+ Nf6 26. Qc5+ Kg8 27. Bd3
b6 28. Qc3 Rxe3 29. Qd4 Rxh3+ 30. Kg1 Rg3 31. Bf5 Qd6 32. Re1 c5 33. Qa4 b5 34.
Re6 bxa4 35. Rxd6 Rg5 36. Be6+ Kf8 37. Rxa6 Ke7 38. Bc8 Ng4 39. g3 Ne3 40. Kf2
Nd1+ 41. Kf3 Nxb2 42. g4 Kd8 43. Bf5 Kc7 44. Re6 Nc4 45. Re7+ Kb6 46. Re6+ Ka5
47. Re8 Nxa3 48. Ra8+ Kb4 49. Kf4 Nc4 50. Rb8+ Kc3 51. Rb5 a3 52. Rb8 g6 53. Bd3
a2 54. Ra8 Kb2 55. Rb8+ Kc1 56. Ra8 Kb2 57. Rb8+ Ka1 58. Bxc4 dxc4 59. Rb6 Rd5
60. Rxg6 Rd2 61. Rxh6 Kb2 62. Rb6+ Kxc2 63. Ra6 Kb1 64. g5 a1=Q 65. Rxa1+ Kxa1
66. g6 Rg2 67. Ke3 Kb2 {White resigns} 0-1

[Event "Team 45 45 League T74"]
[Site "Internet Chess Club"]
[Date "2017.09.24"]
[Round "2"]
[White "clarinetref"]
[Black "tightfist"]
[Result "1-0"]
[WhiteElo "1508"]
[BlackElo "1469"]
[Opening "French: exchange variation"]
[ECO "C01"]
[Time "21:01:08"]
[TimeControl "2700+45"]

1. e4 e6 2. d4 d5 3. exd5 exd5 4. Bd3 Nf6 5. Bf4 Bd6 6. Bxd6 Qxd6 7. Nf3 O-O 8.
O-O Bg4 9. h3 Bh5 10. Nbd2 Nbd7 11. c3 Rfe8 12. Qc2 Bxf3 13. Nxf3 Re7 14. Nh4 g6
15. Rae1 Rae8 16. Rxe7 Qxe7 17. Nf3 Kg7 18. Re1 Qf8 19. Rxe8 Qxe8 20. Qb3 Nb6
21. Bb5 c6 22. Bd3 Ne4 23. a4 Qe7 24. a5 Nc8 25. a6 Nb6 26. axb7 Qxb7 27. Qc2
Qe7 28. Ne5 Qe6 29. Bxe4 dxe4 30. Qxe4 Nd5 31. Qf3 f6 32. Nd3 a5 33. Qd1 Qe7 34.
Qa4 Qc7 35. Nc5 Kf7 36. Nb3 Qb7 37. Nxa5 Qxb2 38. Qxc6 Qa1+ 39. Kh2 Qxa5 40. c4
Qc7+ 41. Qxc7+ Nxc7 42. Kg3 Ke6 43. Kf3 Ne8 44. Ke3 Nd6 45. c5 Ne8 46. g4 Kd5
47. f4 Nc7 48. h4 Ne6 49. c6 Nc7 50. f5 gxf5 51. g5 fxg5 52. hxg5 Ke6 53. Kf3
Kd5 54. Kf4 Ke6 55. Kf3 Kf7 56. Kf4 Kg6 57. Ke5 Kxg5 58. d5 Ne8 59. d6 Nxd6 60.
Kxd6 f4 61. c7 f3 62. c8=Q Kf4 63. Qf8+ Ke3 64. Qe7+ Kf2 65. Kd5 Kf1 66. Kd4 f2
67. Kd3 Kg1 68. Qg5+ Kf1 69. Qc1+ Kg2 70. Ke2 h6 71. Qf1+ Kg3 72. Qxf2+ Kg4 73.
Ke3 h5 74. Qf4+ Kh3 75. Kf3 h4 76. Qg4+ Kh2 77. Qg2# {Black checkmated} 1-0

[Event "Team 45 45 League T74"]
[Site "Internet Chess Club"]
[Date "2017.09.23"]
[Round "2"]
[White "VictorRed"]
[Black "parrot9"]
[Result "1/2-1/2"]
[WhiteElo "1724"]
[BlackElo "1663"]
[Opening "English opening"]
[ECO "A20"]
[Time "08:09:18"]
[TimeControl "2700+45"]

1. c4 e5 2. e4 Nf6 3. Nc3 c6 4. Nf3 d6 5. Be2 Be7 6. d3 h6 7. h3 O-O 8. Be3 Be6
9. Qd2 Nbd7 10. g4 d5 11. exd5 cxd5 12. cxd5 Nxd5 13. Nxd5 Bxd5 14. Rg1 e4 15.
Nd4 Ne5 16. dxe4 Bxe4 17. Rd1 Rc8 18. g5 hxg5 19. Bxg5 Re8 20. Kf1 Qc7 21. Qf4
Bxg5 22. Rxg5 Ng6 23. Qxc7 Rxc7 24. f3 Bc6 25. Rc1 Rce7 26. Bc4 Nh4 27. Kf2 Re5
{Game drawn by mutual agreement} 1/2-1/2

[Event "Team 45 45 League T74"]
[Site "Internet Chess Club"]
[Date "2017.09.21"]
[Round "2"]
[White "Gojira"]
[Black "andrew37"]
[Result "0-1"]
[WhiteElo "1604"]
[BlackElo "1694"]
[Opening "Queen's pawn, Mason variation, Steinitz counter-gambit"]
[ECO "D00"]
[Time "21:01:35"]
[TimeControl "2700+45"]

1. d4 d5 2. Bf4 c5 3. c3 Qb6 4. Qb3 Nf6 5. e3 Nc6 6. Nf3 Bf5 7. dxc5 Qxb3 8.
axb3 h6 9. Nd4 Nxd4 10. cxd4 Bxb1 11. Bb5+ Kd8 12. Rxb1 Nh5 13. Bg3 e6 14. Be5
f6 15. Bd6 Bxd6 16. cxd6 f5 17. Rc1 Nf6 18. Rc7 a6 19. Bd3 Rc8 20. Rxb7 Rc1+ 21.
Kd2 Rxh1 22. Rb8+ Kd7 23. Rxh8 Kxd6 24. Bxa6 Rxh2 25. Bf1 Rh1 26. Ke2 Rh5 27.
Rc8 g5 28. f3 g4 29. Kf2 gxf3 30. gxf3 Rg5 31. Bb5 h5 32. Be2 Rg7 33. Rh8 Rb7
34. Bd1 Rc7 35. Rd8+ Ke7 36. Ra8 Rc1 37. Ke2 Rc7 38. Rb8 Nd7 39. Rh8 Nf6 40. Rb8
Nd7 41. Rb5 Kf6 42. f4 Ke7 43. Kd3 h4 44. Bc2 Ra7 45. Ke2 Ra2 46. Rb7 Rxb2 47.
Rc7 Kd8 48. Rc3 Ra2 49. Kf2 Ra1 50. Kg2 Nf6 51. Kh3 Rh1+ 52. Kg2 Re1 {White
forfeits on time} 0-1